 Dungeon Crawl Stone Soup version 0.28.0-53-g5a82cb258f (webtiles) character file.

Game seed: 3109806075555519094

1502 Zeld the Nimble (level 8, -1/41 HPs)
             Began as a Deep Elf Conjurer on June 23, 2022.
             Slain by a gnoll
             ... wielding a +1 whip of venom
              (10 damage)
             ... on level 6 of the Dungeon.
             The game lasted 00:05:43 (7741 turns).

Zeld the Nimble (Deep Elf Conjurer)                 Turns: 7741, Time: 00:05:44

Health: -1/41      AC:  3    Str:  4    XL:     8   Next: 52%
Magic:  22/22      EV: 15    Int: 26    God:
Gold:   321        SH:  0    Dex: 13    Spells: 12/23 levels left

rFire   . . .      SeeInvis .   h - +2 hand axe (venom)
rCold   . . .      Faith    .   (no shield)
rNeg    + . .      Spirit   .   a - +0 robe
rPois   .          Reflect  .   (no helmet)
rElec   .          Harm     .   (no cloak)
rCorr   .          Rampage  .   A - +0 pair of gloves
Will    +....                   (no boots)
Stlth   ++........              (no amulet)
HPRegen 0.13/turn               g - ring of willpower
MPRegen 0.18/turn               u - ring of positive energy

@: no status effects
A: no striking features
a: no special abilities


You were on level 6 of the Dungeon.
You visited 1 branch of the dungeon, and saw 6 of its levels.
You also visited: Sewer.

You collected 321 gold pieces.

Inventory:

Hand Weapons
 h - a +2 hand axe of venom (weapon)
Armour
 a - a +0 robe (worn)
 A - a +0 pair of gloves (worn)
Jewellery
 g - a ring of willpower (left hand)
 u - a ring of positive energy (right hand)
Scrolls
 b - 2 scrolls of noise {unknown}
 c - a scroll of immolation {unknown}
 e - a scroll of holy word {unknown}
 i - 3 scrolls of blinking
 k - a scroll of vulnerability {unknown}
 m - 2 scrolls of identify {unknown}
 o - 2 scrolls of amnesia {unknown}
 p - 2 scrolls of teleportation {unknown}
 r - a scroll of magic mapping {unknown}
 s - 3 scrolls of brand weapon {unknown}
 v - 3 scrolls of fear {unknown}
 w - 2 scrolls of enchant weapon {unknown}
 y - a scroll of summoning {unknown}
Potions
 d - 3 potions of attraction {unknown}
 f - 4 potions of mutation {unknown}
 j - a potion of haste {unknown}
 l - a potion of flight {unknown}
 n - 3 potions of curing {unknown}
 q - a potion of lignification {unknown}
 t - a potion of brilliance {unknown}
 x - a potion of heal wounds {unknown}
 z - a potion of degeneration {unknown}


   Skills:
 - Level 8.0 Dodging
 - Level 2.4 Stealth
 + Level 8.0 Spellcasting
 + Level 7.7 Conjurations
 - Level 2.0 Hexes
 - Level 2.0 Translocations


You had 12 spell levels left.
You knew the following spells:

 Your Spells              Type           Power      Damage    Failure   Level
a - Magic Dart            Conj           100%       1d8       1%          1
b - Searing Ray           Conj           100%       2d8       1%          2
c - Fulminant Prism       Conj/Hex       17%        3d11      8%          4
d - Iskenderun's Mystic   Conj/Tloc      35%        2d8       8%          4

Your spell library contained the following spells:

 Spells                   Type           Power      Damage    Failure   Level
 Dazzling Flash           Conj/Hex       70%        N/A       2%          3


Dungeon Overview and Level Annotations

Branches:
Dungeon (6/15)              Sewer (visited)
 Temple: D:4-7

Altars:
Ashenzari
Elyvilon
Makhleb
Vehumet
Wu Jian
Xom
Yredelemnul
The Shining One


Message History

HP restored.
You now have 298 gold pieces (gained 17).
Found a stone staircase leading down.
You now have 311 gold pieces (gained 13).
You now have 321 gold pieces (gained 10).
There is a stone staircase leading down here.
Found a chain mail.
A gnoll comes into view. It is wielding a +0 flail.
A gnoll is nearby!
A gnoll is nearby!
A gnoll shaman and 2 gnolls come into view.
A gnoll is wielding a +1 whip of venom.
The gnoll shouts! x2
A gnoll comes into view. It is wielding a +0 whip.
The gnoll shaman moves out of view.
The gnoll shouts!
You hear a shout!
A gnoll comes into view. It is wielding a +0 club.
The gnoll hits you with a +0 flail.
The gnoll shouts!
You hear a shout!
The gnoll hits you with a +0 flail. The gnoll hits you with a +0 flail.
The gnoll completely misses you. What are your orders? t - Shout!
Orders for allies: a - Attack new target. r - Retreat! s - Stop attacking. g - Guard the area. f - Follow me.
Anything else - Cancel.
You shout for attention!
You hear a shout!
The gnoll barely misses you.
You hit the gnoll.
The gnoll is moderately wounded.
You barely miss the gnoll. You hit the gnoll but do no damage.
The gnoll is poisoned.
The gnoll hits you with a +0 flail!
The gnoll barely misses you. x2; The gnoll hits you with a +0 flail!
* * * LOW HITPOINT WARNING * * *
You hit the gnoll but do no damage.
The gnoll is poisoned.
The gnoll is moderately wounded.
You hit the gnoll. You completely miss the gnoll.
The gnoll hits you with a +1 whip of venom!
You die...

#.## ##...#
......
..... .g.
####g#
#.@g.#
#.gg.#
#...##
##.## #.#
#.# #.# ..
#.#####....
#..........


You could see a gnoll shaman and 4 gnolls.

Vanquished Creatures
  Prince Ribbit (D:5)
  An ice beast (D:6)
  An ogre (D:4)
  A phantom (D:5)
  2 bullfrogs (Sewer)
  2 scorpions (D:5)
  A water moccasin skeleton (D:4)
  A crimson imp (D:5)
  A hound (D:5)
  A jelly (D:4)
  An orc priest (D:5)
  A gnoll shaman (D:4)
  3 bullfrog skeletons
  Natasha (thrice) (D:2)
  2 iguanas (D:5)
  3 orc wizards
  A hound skeleton (D:5)
  A howler monkey zombie (D:5)
  8 gnolls (D:5)
  13 adders
  2 worms
  An adder skeleton (D:4)
  4 dart slugs
  8 orcs
  17 ball pythons
  5 bats
  7 endoplasms
  7 giant cockroaches
  3 goblins
  10 hobgoblins
  5 quokkas
  11 frilled lizards
  12 kobolds
  4 rats
144 creatures vanquished.

Notes
Turn   | Place    | Note
-------+----------+-------------------------------------------
     0 | D:1      | Zeld the Deep Elf Conjurer began the quest for the Orb.
     0 | D:1      | Reached XP level 1. HP: 10/10 MP: 6/6
   142 | D:1      | Reached skill level 1 in Hexes
   210 | D:1      | Reached XP level 2. HP: 15/15 MP: 5/8
   213 | D:1      | Learned a level 2 spell: Searing Ray
   311 | D:1      | Reached skill level 1 in Translocations
   376 | D:1      | Found a faded altar of an unknown god.
  1047 | D:2      | Reached XP level 3. HP: 19/19 MP: 2/9
  1096 | D:2      | Noticed Natasha
  1100 | D:2      | Killed Natasha
  1313 | D:2      | Reached XP level 4. HP: 24/24 MP: 1/12
  1772 | D:2      | Noticed Natasha
  1784 | D:2      | Killed Natasha
  1785 | D:2      | Reached skill level 5 in Conjurations
  1872 | D:2      | Learned a level 4 spell: Fulminant Prism
  1878 | D:2      | Learned a level 4 spell: Iskenderun's Mystic Blast
  2220 | D:2      | Noticed Natasha
  2224 | D:2      | Killed Natasha
  2225 | D:2      | Reached XP level 5. HP: 28/28 MP: 8/14
  2526 | D:3      | Found a basalt altar of Yredelemnul.
  2614 | D:3      | Found a white marble altar of Elyvilon.
  2618 | D:3      | Found a glowing golden altar of the Shining One.
  2996 | D:4      | Found a glowing drain.
  3009 | Sewer    | Entered a sewer
  3495 | Sewer    | Reached skill level 5 in Spellcasting
  3790 | Sewer    | Reached XP level 6. HP: 22/32 MP: 8/15
  3805 | Sewer    | Reached skill level 5 in Dodging
  4142 | D:4      | Found a shimmering altar of Xom.
  4303 | D:4      | Reached XP level 7. HP: 36/36 MP: 7/17
  4733 | D:4      | Found an ornate altar of the Wu Jian Council.
  5423 | D:5      | Entered Level 5 of the Dungeon
  5933 | D:5      | Found a broken altar of Ashenzari.
  6437 | D:5      | Reached XP level 8. HP: 41/41 MP: 16/20
  6856 | D:5      | Noticed Prince Ribbit
  6864 | D:5      | Killed Prince Ribbit
  7241 | D:5      | Found a radiant altar of Vehumet.
  7241 | D:5      | Found a burning altar of Makhleb.
  7741 | D:6      | Slain by a gnoll

Illustrated notes

Levels and vault maps discovered:
D:1:      lemuel_arrival_cross, layout_loops_cross,
          shapermc_ecumenical_altar_starsandcircs, grunt_decor_clamped,
          corexii_hall_statues_t
D:2:      layout_basic, uniq_natasha
D:3:      layout_basic, yredelemnul_altar_generic, minitemple
D:4:      layout_basic, overflow_temple_1_default, overflow_temple_1_default,
          cheibrodos_sewer_entry_bend
D:5:      layout_basic, grunt_temple_overflow_lords_of_destruction,
          mainiacjoe_overflow_small_starburst, uniq_prince_ribbit1
D:6:      layout_loops_cross, nicolae_uskayaw_en_pointe, temple_hall

Skill      XL: |  1  2  3  4  5  6  7  8 |
---------------+-------------------------+-----
Hexes          | 1 2 |  2.0
Translocations | 1 2 |  2.0
Spellcasting   | 4 5 6 8 |  8.0
Dodging        | 3 4 5 7 8 |  8.0
Conjurations   | 5 6 7 |  7.7
Stealth        | |  2.4

Action                   |  1- 3 |  4- 6 |  7- 9 || total
-------------------------+-------+-------+-------++-------
Melee: Short sword       |       |     6 |       ||     6
       Dagger            |       |       |    33 ||    33
       Hand axe          |       |       |    37 ||    37
 Cast: Magic Dart        |    54 |   104 |    23 ||   181
       Searing Ray       |     2 |    11 |    18 ||    31
       Iskenderun's Myst |       |       |     3 ||     3
 Stab: Sleeping          |       |       |     3 ||     3
Armor: Robe              |     1 |     6 |    17 ||    24
Dodge: Dodged            |     4 |    38 |    75 ||   117
